 Dungeon Crawl Stone Soup version 0.28-a0-1429-gf3d713df7a (webtiles) character file.

Game seed: 4220734520250325849

10582 bearlyready the Summoner (level 11, -1/83 HPs)
             Began as a Gnoll Summoner on Jan 8, 2022.
             Was a Priest of Cheibriados.
             Engulfed by an ice statue's freezing vapour (11 damage)
             ... in an ice cave.
             The game lasted 00:22:20 (14441 turns).

bearlyready the Summoner (Gnoll Summoner)          Turns: 14441, Time: 00:22:21

Health: -1/83      AC:  5    Str: 16    XL:     11   Next: 64%
Magic:  25/32      EV: 18    Int: 25    God:    Cheibriados [***...]
Gold:   308        SH:  0    Dex: 22    Spells: 11/26 levels left

rFire   + . .      SeeInvis .   b - +2 trident (vamp)
rCold   + . .      Faith    .   m - orb {light}
rNeg    . . .      Spirit   .   C - +2 robe {rC+ rF+}
rPois   .          Reflect  .   (no helmet)
rElec   .          Harm     .   (no cloak)
rCorr   .          Rampage  .   (no gloves)
Will    .....                   p - +0 pair of boots
Stlth   ++........              (no amulet)
HPRegen 0.23/turn               D - ring of magical power
MPRegen 0.23/turn               (no ring)

@: glowing, very slow
A: fangs 1, strong nose, distributed training
a: Renounce Religion, Bend Time, Temporal Distortion


You were in an ice cave.
You worshipped Cheibriados.
Cheibriados was most pleased with you.
You visited 2 branches of the dungeon, and saw 12 of its levels.
You also visited: Ice Cave.

You collected 389 gold pieces.
You spent 81 gold pieces at shops.

Inventory:

Hand Weapons
 a - a +1 whip of electrocution
 b - a +2 vampiric trident (weapon)
 H - a +0 vorpal hunting sling
 T - a +1 short sword of electrocution
Missiles
 g - 112 sling bullets
 h - 327 stones
 j - 59 bolts
 K - 4 boomerangs
 P - 19 poisoned darts
 Q - a curare-tipped dart
 U - a throwing net
Armour
 k - an orb of guile
 m - an orb of light (worn)
 p - a +0 pair of boots (worn)
 x - a +2 robe of the Archmagi
 C - a +2 robe of resistance (worn)
 M - a +1 ring mail of cold resistance
 O - a +0 robe
 S - a +0 troll leather armour
Magical Staves
 v - a staff of earth
Jewellery
 r - a ring of ice
 D - a ring of magical power (left hand)
 Z - a ring of ice
Wands
 e - a wand of flame (9)
 n - a wand of mindburst (17)
 q - a wand of iceblast (19)
 J - a wand of polymorph (9)
 L - a wand of acid (8)
 W - a wand of charming (8)
Scrolls
 c - 2 scrolls of teleportation
 f - 2 scrolls of enchant armour
 i - a scroll of amnesia
 u - a scroll of noise {unknown}
 w - 3 scrolls of identify
 y - a scroll of immolation
 A - a scroll of enchant weapon
 R - a scroll of acquirement {unknown}
 V - 2 scrolls of torment
 X - a scroll of vulnerability {unknown}
 Y - a scroll of magic mapping {unknown}
Potions
 d - 5 potions of might
 l - 2 potions of flight
 s - a potion of cancellation {unknown}
 t - a potion of curing
 z - a potion of mutation {unknown}
 B - 3 potions of ambrosia {unknown}
 E - 2 potions of resistance {unknown}
 F - a potion of haste
 G - 2 potions of magic {unknown}
 I - a potion of lignification {unknown}
 N - 2 potions of attraction {unknown}


   Skills:
 + Level 6.5 Fighting
 + Level 6.5 Short Blades
 + Level 6.5 Long Blades
 + Level 6.5 Axes
 + Level 6.5 Maces & Flails
 + Level 6.5 Polearms
 + Level 6.5 Staves
 + Level 6.5 Slings
 + Level 6.5 Bows
 + Level 6.5 Crossbows
 + Level 6.5 Throwing
 + Level 6.5 Armour
 + Level 8.0 Dodging
 + Level 7.8 Stealth
 + Level 6.5 Shields
 + Level 6.5 Unarmed Combat
 + Level 8.3 Spellcasting
 + Level 5.3 Conjurations
 + Level 5.3 Hexes
 + Level 9.0 Summonings
 + Level 5.3 Necromancy
 + Level 5.3 Translocations
 + Level 5.3 Transmutations
 + Level 5.3 Fire Magic
 + Level 5.3 Ice Magic
 + Level 5.3 Air Magic
 + Level 5.3 Earth Magic
 + Level 5.3 Poison Magic
 + Level 7.1 Invocations
 + Level 6.5 Evocations


You had 11 spell levels left.
You knew the following spells:

 Your Spells              Type           Power      Damage    Failure   Level
a - Summon Small Mammal   Summ           100%       N/A       1%          1
b - Call Imp              Summ           54%        N/A       1%          2
c - Call Canine Familiar  Summ           54%        N/A       1%          3
d - Summon Guardian Gole  Hex/Summ       46%        N/A       1%          3
f - Summon Lightning Spi  Summ/Air       46%        N/A       3%          4
o - Blink                 Tloc           74%        N/A       1%          2

Your spell library contained the following spells:

 Spells                   Type           Power      Damage    Failure   Level
 Freeze                   Ice            100%       1d11      1%          1
 Frozen Ramparts          Ice            74%        1d9       1%          3
 Lesser Beckoning         Tloc           37%        N/A       1%          3
 Animate Dead             Necr           18%        N/A       6%          4
 Hailstorm                Conj/Ice       37%        3d9       6%          4
 Passage of Golubria      Tloc           37%        N/A       6%          4
 Borgnjor's Vile Clutch   Necr/Erth      18%        N/A       19%         5
 Manifold Assault         Tloc           37%        N/A       19%         5
 Silence                  Hex/Air        18%        N/A       19%         5
 Death Channel            Necr           18%        N/A       69%         6
 Lehudib's Crystal Spear  Conj/Erth      18%        10d6      100%        8


Dungeon Overview and Level Annotations

Branches:
Dungeon (11/15)            Temple (1/1) D:5            Lair (0/6) D:8
  IceCv (1/1)
    Orc: D:9-12

Altars:
Ashenzari
Cheibriados
Dithmenos
Elyvilon
Fedhas
Gozag
Hepliaklqana
Kikubaaqudgha
Makhleb
Nemelex Xobeh
Okawaru
Qazlal
Ru
Sif Muna
Trog
Uskayaw
Vehumet
Wu Jian
Xom
Yredelemnul
Zin
The Shining One
Lugonu

Shops:
D:4 !   D:10 !

Annotations:
IceCv exclusion: 2 ice statues


Innate Abilities, Weirdness & Mutations

You have very sharp teeth.
Your uncanny sense of smell can sniff out nearby items.
Your experience applies equally to all skills.


Message History

The ice statue resists.
The bolt of electricity hits your lightning spire.
Your lightning spire completely resists.
The ice statue gestures at you. The freezing blast engulfs you. You resist.
* * * LOW HITPOINT WARNING * * *
The ice statue gestures.
Your quokka is engulfed in freezing vapours.
Your quokka dies!
Your quokka's corpse disappears in a puff of smoke!
The ice statue gestures.
The ice statue gestures at you. The freezing blast engulfs you! You resist.
* * * LOW HITPOINT WARNING * * *
Your lightning spire shoots out a bolt of lightning at the ice statue!
The bolt of electricity hits the ice statue.
The ice statue resists.
The bolt of electricity hits the ice statue.
The ice statue resists.
The bolt of electricity hits your lightning spire.
Your lightning spire completely resists.
You feel much better.
You are engulfed in freezing vapours.
You resist.
* * * LOW HITPOINT WARNING * * *
The ice statue gestures at you.
The bolt of cold hits the ice beast.
The ice beast completely resists.
The bolt of cold misses you. The ice beast closely misses you.
Okay, then.
Okay, then.
Okay, then.
As you read the scroll labelled ILICHO MUAFO, it crumbles to dust.
The creatures around you are filled with an inner flame!
It was a scroll of immolation.
You are engulfed in freezing vapours.
You resist.
* * * LOW HITPOINT WARNING * * *
The ice beast hits you but does no damage.
As you read the scroll labelled MUC YTZIPSETS, it crumbles to dust.
It is a scroll of identify.
A - a scroll of enchant weapon You are engulfed in freezing vapours.
You resist.
You die...

##...####.#
...........##
.............#
.....Y........#
.......⌠.......#
...............#
..........☼○○..#
#.........Y@○.#
#.......°.○Y°8#
#...........##
#8#...°.#8##
##...#### ##...#
#...## #...##
##...#


You could see an ice statue (ally target), 3 ice beasts and a friendly lightning
spire (summoned).

Vanquished Creatures
  A two-headed ogre (D:4)
  Pikel (D:6)
  A deep elf pyromancer (D:10)
  A komodo dragon (D:10)
  2 yaks
  A wyvern (D:8)
  A wraith (D:9)
  A steam dragon (D:9)
  A water moccasin (D:9)
  A sky beast (D:5)
  An orc warrior (D:5)
  An ice beast (D:7)
  An ogre (D:5)
  3 centaurs
  A wolf (D:8)
  A phantom (D:5)
  A bullfrog (D:5)
  2 scorpions
  3 wights
  6 killer bees
  2 howler monkeys (D:7)
  A hound (D:3)
  2 orc priests
  8 orc wizards
  3 iguanas
  A troll simulacrum (IceCv)
  A mummy (D:7)
  5 gnolls
  5 adders
  4 ufetubi
  2 worms (D:4)
  A dart slug (D:4)
  11 orcs
  2 ball pythons
  An endoplasm (D:1)
  7 giant cockroaches
  6 hobgoblins
  6 jackals
  3 bats
  2 frilled lizards (D:1)
  3 goblins
  4 kobolds
  8 rats
119 creatures vanquished.

Vanquished Creatures (collateral kills)
  Joseph (D:7)
  2 rime drakes (D:11)
  An ice devil (IceCv)
  A troll (D:10)
  A hornet (D:8)
  Sigmund (D:6)
  2 shadows
  A vampire (D:9)
  3 yaks
  Grum (D:8)
  Menkaure (D:6)
  A water moccasin (D:7)
  An orc warrior (D:9)
  2 necrophages
  A sky beast (D:7)
  An ogre (D:5)
  2 wolves (D:8)
  2 centaurs
  2 kobold brigands
  A bullfrog (D:9)
  A wyvern skeleton (D:7)
  8 killer bees
  4 wights
  2 howler monkeys (D:8)
  2 jellies (D:6)
  2 bullfrog skeletons
  A gnoll shaman (D:7)
  3 hounds
  2 orc priests
  A scorpion zombie (D:5)
  Jessica (D:3)
  A centaur skeleton (D:7)
  An iguana (D:5)
  Ijyb (D:3)
  4 orc wizards
  A wolf simulacrum (IceCv)
  A killer bee zombie (D:6)
  2 howler monkey zombies
  7 gnolls
  3 adders
  An ufetubus (D:6)
  12 orcs
  4 endoplasms (D:1)
  A giant cockroach (D:1)
  4 goblins
  4 hobgoblins
  7 jackals
  2 quokkas (D:1)
  A bat (D:3)
  A frilled lizard (D:1)
  A jackal skeleton (D:4)
  6 kobolds
  3 rats
123 creatures vanquished.

Vanquished Creatures (others)
  An ugly thing (D:9)
  An orc warrior (D:10)
  An ice beast (D:7)
  A wolf (D:8)
  A killer bee (D:9)
  2 wights (D:10)
  An orc priest (D:5)
  An orc wizard (D:10)
  An orc (D:10)
10 creatures vanquished.

Grand Total: 252 creatures vanquished

Notes
Turn   | Place    | Note
-------+----------+-------------------------------------------
     0 | D:1      | bearlyready the Gnoll Summoner began the quest for the Orb.
     0 | D:1      | Reached XP level 1. HP: 13/13 MP: 6/6
   135 | D:1      | Reached XP level 2. HP: 19/19 MP: 4/7
   503 | D:1      | Found a faded altar of an unknown god.
   572 | D:1      | Reached XP level 3. HP: 23/25 MP: 5/9
   579 | D:1      | Reached skill level 5 in Spellcasting
   669 | D:1      | Reached skill level 1 in Invocations
   895 | D:1      | You fall into a shaft and drop 1 floor!
   913 | D:2      | Learned a level 2 spell: Call Imp
   917 | D:2      | Learned a level 3 spell: Call Canine Familiar
  1052 | D:1      | Reached skill level 1 in Fighting
  1052 | D:1      | Reached skill level 1 in Short Blades
  1052 | D:1      | Reached skill level 1 in Long Blades
  1052 | D:1      | Reached skill level 1 in Axes
  1052 | D:1      | Reached skill level 1 in Maces & Flails
  1052 | D:1      | Reached skill level 1 in Polearms
  1052 | D:1      | Reached skill level 1 in Staves
  1052 | D:1      | Reached skill level 1 in Slings
  1052 | D:1      | Reached skill level 1 in Bows
  1052 | D:1      | Reached skill level 1 in Crossbows
  1052 | D:1      | Reached skill level 1 in Throwing
  1052 | D:1      | Reached skill level 1 in Armour
  1052 | D:1      | Reached skill level 1 in Shields
  1052 | D:1      | Reached skill level 1 in Unarmed Combat
  1052 | D:1      | Reached skill level 1 in Evocations
  1328 | D:2      | Reached XP level 4. HP: 32/32 MP: 11/11
  2248 | D:3      | Reached skill level 1 in Conjurations
  2248 | D:3      | Reached skill level 1 in Hexes
  2248 | D:3      | Reached skill level 1 in Necromancy
  2248 | D:3      | Reached skill level 1 in Translocations
  2248 | D:3      | Reached skill level 1 in Transmutations
  2248 | D:3      | Reached skill level 1 in Fire Magic
  2248 | D:3      | Reached skill level 1 in Ice Magic
  2248 | D:3      | Reached skill level 1 in Air Magic
  2248 | D:3      | Reached skill level 1 in Earth Magic
  2248 | D:3      | Reached skill level 1 in Poison Magic
  2395 | D:3      | Reached XP level 5. HP: 37/37 MP: 5/12
  2533 | D:3      | Noticed Ijyb
  2556 | D:3      | Killed Ijyb
  2874 | D:3      | Found a stormy altar of Qazlal.
  2921 | D:3      | Noticed Jessica
  2937 | D:3      | Killed Jessica
  3330 | D:3      | Reached XP level 6. HP: 27/44 MP: 4/13
  3872 | D:4      | Reached skill level 5 in Dodging
  4094 | D:4      | Noticed a two-headed ogre
  4121 | D:4      | Killed a two-headed ogre
  4122 | D:4      | Reached skill level 5 in Stealth
  4122 | D:4      | Reached XP level 7. HP: 41/51 MP: 0/15
  4122 | D:4      | Reached XP level 8. HP: 45/57 MP: 0/16
  4268 | D:4      | Found Ryso's Distillery.
  4273 | D:4      | Bought a potion of curing for 33 gold pieces
  4320 | D:5      | Entered Level 5 of the Dungeon
  4354 | D:5      | Found a staircase to the Ecumenical Temple.
  4612 | D:5      | HP: 2/58 [centaur (2)]
  5385 | Temple   | Entered the Ecumenical Temple
  5730 | D:5      | Found a burning altar of Makhleb.
  5890 | D:5      | Reached XP level 9. HP: 65/65 MP: 18/18
  6323 | D:5      | Found an iron altar of Okawaru.
  6542 | D:6      | Reached skill level 8 in Summonings
  6958 | D:6      | Reached skill level 5 in Invocations
  7177 | D:6      | Noticed Sigmund
  7188 | D:6      | Killed Sigmund
  7189 | D:6      | Reached XP level 10. HP: 60/73 MP: 20/20
  7333 | D:6      | Noticed Menkaure
  7346 | D:6      | Killed Menkaure
  7495 | D:6      | Noticed Pikel
  7522 | D:6      | Killed Pikel
  7523 | D:6      | Reached skill level 5 in Fighting
  7523 | D:6      | Reached skill level 5 in Short Blades
  7523 | D:6      | Reached skill level 5 in Long Blades
  7523 | D:6      | Reached skill level 5 in Axes
  7523 | D:6      | Reached skill level 5 in Maces & Flails
  7523 | D:6      | Reached skill level 5 in Polearms
  7523 | D:6      | Reached skill level 5 in Staves
  7523 | D:6      | Reached skill level 5 in Slings
  7523 | D:6      | Reached skill level 5 in Bows
  7523 | D:6      | Reached skill level 5 in Crossbows
  7523 | D:6      | Reached skill level 5 in Throwing
  7523 | D:6      | Reached skill level 5 in Armour
  7523 | D:6      | Reached skill level 5 in Shields
  7523 | D:6      | Reached skill level 5 in Unarmed Combat
  7523 | D:6      | Reached skill level 5 in Evocations
  7622 | D:6      | Learned a level 3 spell: Summon Guardian Golem
  7625 | D:6      | Learned a level 2 spell: Blink
  7630 | D:6      | Learned a level 4 spell: Summon Lightning Spire
  7981 | D:7      | Found a snail-covered altar of Cheibriados.
  7994 | D:7      | Became a worshipper of Cheibriados the Contemplative
  8034 | D:7      | Noticed Joseph
  8953 | D:7      | Killed Joseph
  8953 | D:7      | Reached * piety under Cheibriados
  9925 | D:8      | Noticed Grum
  9940 | D:8      | Killed Grum
  9941 | D:8      | Reached ** piety under Cheibriados
 10714 | D:8      | Reached XP level 11. HP: 68/81 MP: 20/22
 10769 | D:8      | Found a staircase to the Lair.
 10962 | D:9      | Noticed a purple ugly thing
 10975 | D:9      | Killed a purple ugly thing
 11260 | D:9      | Found a glowing silver altar of Zin.
 11442 | D:9      | Reached skill level 5 in Conjurations
 11442 | D:9      | Reached skill level 5 in Hexes
 11442 | D:9      | Reached skill level 5 in Necromancy
 11442 | D:9      | Reached skill level 5 in Translocations
 11442 | D:9      | Reached skill level 5 in Transmutations
 11442 | D:9      | Reached skill level 5 in Fire Magic
 11442 | D:9      | Reached skill level 5 in Ice Magic
 11442 | D:9      | Reached skill level 5 in Air Magic
 11442 | D:9      | Reached skill level 5 in Earth Magic
 11442 | D:9      | Reached skill level 5 in Poison Magic
 12486 | D:10     | Entered Level 10 of the Dungeon
 12538 | D:10     | Reached *** piety under Cheibriados
 12700 | D:10     | Noticed a deep elf pyromancer
 12709 | D:10     | Killed a deep elf pyromancer
 12763 | D:10     | Found a sacrificial altar of Ru.
 13074 | D:10     | HP: 3/76 [troll (10)]
 13504 | D:10     | Found a bloodstained altar of Trog.
 13506 | D:10     | Found a broken altar of Ashenzari.
 13509 | D:10     | Found an ancient bone altar of Kikubaaqudgha.
 13512 | D:10     | Found a hazy altar of Hepliaklqana.
 13513 | D:10     | Found a shadowy altar of Dithmenos.
 13516 | D:10     | Found a blossoming altar of Fedhas.
 13517 | D:10     | Found a radiant altar of Vehumet.
 13519 | D:10     | Found a hide-covered altar of Uskayaw.
 13523 | D:10     | Found a basalt altar of Yredelemnul.
 13524 | D:10     | Found a sparkling altar of Nemelex Xobeh.
 13789 | D:10     | Found Foabbets's Distillery.
 13799 | D:10     | Bought a potion of curing for 48 gold pieces
 13851 | D:10     | Reached skill level 9 in Summonings
 13985 | D:11     | Found a frozen archway.
 14003 | IceCv    | Entered an ice cave
 14435 | IceCv    | HP: 3/83 [ice statue/bolt of cold (16)]
 14441 | IceCv    | Engulfed by an ice statue's freezing vapour

Illustrated notes

Levels and vault maps discovered:
D:1:      lightli_arrival_lavapool, layout_rooms,
          shapermc_ecumenical_altar_pompeii, minmay_strange_pillars,
          hangedman_decor_clover_reticule
D:2:      layout_rooms, kennysheep_minor_cross, st_stairs_3,
          columned_hall_lemuel
D:3:      layout_basic, lemuel_round_altar, serial_co_window_serial,
          co_window_cross_1, co_window_corner_a, co_window_of_opportunity_a,
          co_window_paths_a, co_window_corner_a, co_window_cross_1,
          co_window_paths_a, co_window_2corner, co_window_of_opportunity_b,
          co_window_corner_b, glass_columns_a, glass_columns_a, glass_columns_a,
          glass_columns_a, glass_columns_b, st_stairs_6,
          amcnicky_mini_corridor_feature, uniq_ijyb, uniq_jessica
D:4:      layout_gridville, serial_shops, shop
D:5:      wad_river_or_something, layout_loops_ring, mainiacjoe_overflow_swirl,
          minmay_temple_entry_statues
D:6:      layout_gridville, uniq_pikel, uniq_menkaure, uniq_sigmund
D:7:      layout_basic, slow_altar_1, serial_curves, eino_curves_02,
          eino_curves_04, uniq_joseph
D:8:      layout_gridville, lair_entry_dummy, uniq_grum
D:9:      layout_roguey, mainiacjoe_overflow_small_starburst
D:10:     layout_roguey, nicolae_overflow_hallway_of_the_gods,
          mainiacjoe_overflow_catwalk, serial_shops, shop, kennysheep_doodads,
          small_chamber_with_monster, grunt_decor_resistance
D:11:     layout_rooms, portal_ice_cave_rime, chequers_hall_statues_y,
          minmay_guarded_unrand_variability
Temple:   corrupted_temple
IceCv:    ice_cave_tombish

Skill      XL: |  1  2  3  4  5  6  7  8  9 10 11 |
---------------+----------------------------------+-----
Spellcasting   | 5 6 7 8 |  8.3
Invocations    | 1 3 4 5 6 7 |  7.1
Fighting       | 1 2 3 4 5 6 |  6.5
Short Blades   | 1 2 3 4 5 6 |  6.5
Long Blades    | 1 2 3 4 5 6 |  6.5
Axes           | 1 2 3 4 5 6 |  6.5
Maces & Flails | 1 2 3 4 5 6 |  6.5
Polearms       | 1 2 3 4 5 6 |  6.5
Staves         | 1 2 3 4 5 6 |  6.5
Slings         | 1 2 3 4 5 6 |  6.5
Bows           | 1 2 3 4 5 6 |  6.5
Crossbows      | 1 2 3 4 5 6 |  6.5
Throwing       | 1 2 3 4 5 6 |  6.5
Armour         | 1 2 3 4 5 6 |  6.5
Shields        | 1 2 3 4 5 6 |  6.5
Unarmed Combat | 1 2 3 4 5 6 |  6.5
Evocations     | 1 2 3 4 5 6 |  6.5
Conjurations   | 1 2 3 4 5 |  5.3
Hexes          | 1 2 3 4 5 |  5.3
Necromancy     | 1 2 3 4 5 |  5.3
Translocations | 1 2 3 4 5 |  5.3
Transmutations | 1 2 3 4 5 |  5.3
Fire Magic     | 1 2 3 4 5 |  5.3
Ice Magic      | 1 2 3 4 5 |  5.3
Air Magic      | 1 2 3 4 5 |  5.3
Earth Magic    | 1 2 3 4 5 |  5.3
Poison Magic   | 1 2 3 4 5 |  5.3
Dodging        | 5 6 7 8 |  8.0
Stealth        | 5 6 7 |  7.8
Summonings     | 8 9 |  9.0

Action                   |  1- 3 |  4- 6 |  7- 9 | 10-12 || total
-------------------------+-------+-------+-------+-------++-------
Melee: Unarmed           |     4 |       |       |       ||     4
       Dagger            |   121 |    72 |       |       ||   193
       Bite              |     9 |    18 |    26 |    38 ||    91
       Punch             |     2 |     1 |       |       ||     3
       Short sword       |       |    44 |    32 |       ||    76
       Trident           |       |       |   174 |   184 ||   358
       Whip              |       |       |       |    54 ||    54
 Cast: Summon Small Mamm |    26 |    21 |    16 |    59 ||   122
       Call Canine Famil |       |    15 |    25 |    43 ||    83
       Call Imp          |       |     9 |    18 |    37 ||    64
       Summon Guardian G |       |       |       |    17 ||    17
       Summon Lightning  |       |       |       |    13 ||    13
Evoke: Wand              |       |     1 |     1 |     2 ||     4
  Use: Potion            |       |     3 |     1 |     7 ||    11
       Scroll            |       |       |     1 |     9 ||    10
 Stab: Distracted        |     1 |     1 |     3 |     6 ||    11
       Sleeping          |     5 |     1 |     2 |     2 ||    10
Armor: Robe              |    14 |    23 |    25 |    59 ||   121
Dodge: Dodged            |    91 |   113 |   129 |   363 ||   696

Table legend: (Time is in decaauts)
 A = Elapsed time spent in this place.
 B = Non-inter-level travel time spent in this place.
 C = Inter-level travel time spent in this place.
 D = Time resting spent in this place.
 E = Time spent auto-exploring this place.
 F = Levels seen in this place.
 G = Mean time per level.
                   A        B        C        D        E       F      G
               +--------+--------+--------+--------+--------+-----+--------+
         Total |  15684 |  15289 |    395 |    869 |  11874 |  13 | 1206.5 |
       Dungeon |  15169 |  14774 |    395 |    772 |  11581 |  11 | 1379.0 |
        Temple |     54 |     54 |      0 |      0 |     29 |   1 |   54.0 |
      Ice Cave |    460 |    460 |      0 |     97 |    263 |   1 |  460.0 |
               +--------+--------+--------+--------+--------+-----+--------+

Top non-repeatable levels by time:
     D:5: 2244 daAuts
     D:8: 2061 daAuts
    D:10: 1858 daAuts
     D:9: 1805 daAuts
     D:7: 1509 daAuts
     D:3: 1435 daAuts
     D:6: 1319 daAuts
     D:1: 1095 daAuts
     D:2: 981 daAuts
     D:4: 783 daAuts
   IceCv: 460 daAuts
    D:11: 75 daAuts
  Temple: 54 daAuts
